 Dungeon Crawl Stone Soup version 0.27-a0-1187-ge80a49f48c (webtiles) character file.

Game seed: 3477832977476056379

556 Kinoniko the Cudgeller (level 7, -1/57 HPs)
             Began as a Hill Orc Fighter on May 20, 2021.
             Was an Initiate of Makhleb.
             Slain by an ogre
             ... wielding a +0 giant spiked club
              (30 damage)
             ... on level 5 of the Dungeon.
             The game lasted 00:04:11 (4446 turns).

Kinoniko the Cudgeller (Hill Orc Fighter)           Turns: 4446, Time: 00:04:12

Health: -1/57      AC: 11    Str: 21    XL:     7   Next: 30%
Magic:  9/9        EV:  5    Int:  8    God:    Makhleb [......]
Gold:   220        SH:  9    Dex: 10    Spells: 6/6 levels left

rFire    . . .     SeeInvis .   l - +5 flail
rCold    . . .     Faith    .   c - +0 kite shield
rNeg     . . .     Spirit   .   i - +0 chain mail
rPois    .         Reflect  .   (no helmet)
rElec    .         Harm     .   f - +0 cloak
rCorr    .         Rampage  .   j - +0 pair of gloves
Will     .....                  (no boots)
Stlth    ..........             (no amulet)
HPRegen  0.19/turn              (no ring)
MPRegen  0.11/turn              (no ring)

@: no status effects
A: no striking features
a: Renounce Religion


You were on level 5 of the Dungeon.
You worshipped Makhleb.
Makhleb was noncommittal.
You visited 1 branch of the dungeon, and saw 5 of its levels.

You collected 220 gold pieces.

Inventory:

Hand Weapons
 a - a +0 war axe
 l - a +5 flail (weapon)
Armour
 b - a +0 scale mail
 c - a +0 kite shield (worn)
 f - a +0 cloak (worn)
 i - a +0 chain mail (worn)
 j - a +0 pair of gloves (worn)
Jewellery
 n - an amulet of magic regeneration
Scrolls
 g - a scroll of noise
 k - a scroll of identify
 p - a scroll of amnesia {unknown}
 r - a scroll of enchant weapon
 s - a scroll of vulnerability {unknown}
Potions
 d - a potion of might
 e - 3 potions of attraction
 h - a potion of degeneration {unknown}
 m - a potion of haste
 o - a potion of curing {unknown}
 q - a potion of berserk rage {unknown}


   Skills:
 - Level 3.6 Fighting
 - Level 5.3(7.4) Axes
 + Level 6.6(7.3) Maces & Flails
 - Level 3.2 Armour
 - Level 3.2 Shields
 + Level 2.8 Invocations


You had 6 spell levels left.
You didn't know any spells.
Your spell library was empty.

Dungeon Overview and Level Annotations

Branches:
Dungeon (5/15)
 Temple: D:4-7

Altars:
Ashenzari
Elyvilon
Hepliaklqana
Makhleb
Nemelex Xobeh
Ru
Wu Jian
Yredelemnul


Message History

No target in view!
No target in view!
No target in view!
HP restored.
e - 3 potions of attraction (gained 1)
There is an ornate altar of the Wu Jian Council here.
s - a scroll labelled FIOCUIPEPILE
Found a robe.
Found an escape hatch in the floor.
An ogre comes into view. It is wielding a +0 giant spiked club.
The ogre shouts!
An ogre is nearby!
The ogre barely misses you.
Found a scroll of identify.
You sock the ogre!
The ogre is moderately wounded.
The ogre hits you with a +0 giant spiked club!!
You sock the ogre!
The ogre is severely wounded.
You block the ogre's attack.
You barely miss the ogre.
The ogre is severely wounded.
You block the ogre's attack.
You sock the ogre!
The ogre is almost dead.
You block the ogre's attack.
You barely miss the ogre.
The ogre is almost dead.
The ogre barely misses you.
You closely miss the ogre.
The ogre is almost dead.
The ogre hits you with a +0 giant spiked club.
You are too injured to fight recklessly!
You are too injured to fight recklessly!
You are too injured to fight recklessly!
You are too injured to fight recklessly!
You barely miss the ogre.
The ogre is almost dead.
The ogre hits you with a +0 giant spiked club!!
Ouch! That really hurt!
You die...

.#### ....#
....### ....'.
....# ...
###O######
####.@....... .
#......####?# ..
#.........# #.
#.#.......#
##.#.#.#######.#
##....>......[..#
#..##.#♣.♣##♣.P♣♣
♣...P..♣♣♣PP.♣
♣P...♣P♣....♣


You could see an ogre.

Vanquished Creatures
  A black bear (D:4)
  A hound (D:4)
  3 orc priests
  An iguana (D:4)
  3 orc wizards
  A howler monkey skeleton (D:5)
  6 gnolls (D:4)
  3 adders
  2 river rats (D:5)
  An ufetubus (D:4)
  2 worms (D:3)
  4 dart slugs
  19 orcs
  6 endoplasms
  2 giant cockroaches
  9 goblins
  2 hobgoblins
  10 jackals
  A quokka (D:3)
  9 ball pythons
  9 bats
  6 frilled lizards
  6 kobolds
  2 rats
109 creatures vanquished.

Vanquished Creatures (others)
  5 plants (D:5)
5 creatures vanquished.

Grand Total: 114 creatures vanquished

Notes
Turn   | Place    | Note
-------+----------+-------------------------------------------
     0 | D:1      | Kinoniko the Hill Orc Fighter began the quest for the Orb.
     0 | D:1      | Reached XP level 1. HP: 19/19 MP: 1/1
   124 | D:1      | Reached XP level 2. HP: 26/26 MP: 2/2
   581 | D:1      | Reached XP level 3. HP: 27/31 MP: 3/3
  1128 | D:1      | Reached skill level 5 in Axes
  1538 | D:2      | Found a faded altar of an unknown god.
  1611 | D:2      | Reached skill level 1 in Maces & Flails
  1708 | D:2      | Reached XP level 4. HP: 39/39 MP: 4/4
  1999 | D:3      | Reached skill level 2 in Maces & Flails
  2165 | D:3      | Reached skill level 3 in Maces & Flails
  2165 | D:3      | Reached XP level 5. HP: 27/45 MP: 5/5
  2257 | D:3      | Reached skill level 4 in Maces & Flails
  2428 | D:3      | Found a white marble altar of Elyvilon.
  2785 | D:3      | Found a basalt altar of Yredelemnul.
  3038 | D:4      | Noticed a black bear
  3061 | D:4      | Killed a black bear
  3062 | D:4      | Reached skill level 5 in Maces & Flails
  3062 | D:4      | Reached XP level 6. HP: 42/51 MP: 6/6
  3277 | D:4      | Reached skill level 6 in Maces & Flails
  3580 | D:4      | Found a broken altar of Ashenzari.
  3582 | D:4      | Found a hazy altar of Hepliaklqana.
  3583 | D:4      | Found a sparkling altar of Nemelex Xobeh.
  3583 | D:4      | Found a burning altar of Makhleb.
  3583 | D:4      | Found a sacrificial altar of Ru.
  3599 | D:4      | Became a worshipper of Makhleb the Destroyer
  3623 | D:4      | Reached skill level 1 in Invocations
  3635 | D:4      | Reached XP level 7. HP: 27/57 MP: 6/8
  4376 | D:5      | Entered Level 5 of the Dungeon
  4376 | D:5      | Found an ornate altar of the Wu Jian Council.
  4446 | D:5      | Slain by an ogre

Illustrated notes

Levels and vault maps discovered:
D:1:      lightli_arrival_statuegarden, layout_basic
D:2:      layout_basic, hellmonk_ecumenical_altar_arch_garden
D:3:      cheibrodos_pilgrimage, layout_loops_ring, kennysheep_ying_yang,
          cheibrodos_sewer_entry_bend
D:4:      layout_basic, grunt_temple_overflow_open
D:5:      wad_woods_stonehenge, layout_basic, serial_shops, shop,
          hangedman_abyss_or_decor_jellyfish_corner, goddamned_bats,
          uniq_edmund, uniq_crazy_yiuf_cottage

Skill      XL: |  1  2  3  4  5  6  7 |
---------------+----------------------+-----
Axes           | 3 4 5 |  5.3
Maces & Flails | 1 3 5 6 |  6.6
Invocations    | 1 2 |  2.8
Fighting       | |  3.6
Armour         | |  3.2
Shields        | |  3.2

Action                   |  1- 3 |  4- 6 |  7- 9 || total
-------------------------+-------+-------+-------++-------
Melee: War axe           |    99 |       |       ||    99
       Flail             |    17 |   116 |    50 ||   183
  Use: Scroll            |       |     3 |       ||     3
Armor: Scale mail        |    57 |       |       ||    57
       Chain mail        |    12 |    73 |    16 ||   101
Dodge: Dodged            |    54 |    27 |     7 ||    88
Block: Kite shield       |    70 |    56 |    19 ||   145

Table legend: (Time is in decaauts)
 A = Elapsed time spent in this place.
 B = Non-inter-level travel time spent in this place.
 C = Inter-level travel time spent in this place.
 D = Time resting spent in this place.
 E = Time spent auto-exploring this place.
 F = Levels seen in this place.
 G = Mean time per level.
                   A        B        C        D        E       F      G
               +--------+--------+--------+--------+--------+-----+--------+
         Total |   4572 |   4432 |    140 |    491 |   3242 |   5 |  914.4 |
       Dungeon |   4572 |   4432 |    140 |    491 |   3242 |   5 |  914.4 |
               +--------+--------+--------+--------+--------+-----+--------+

Top non-repeatable levels by time:
     D:4: 1444 daAuts
     D:1: 1352 daAuts
     D:3: 1152 daAuts
     D:2: 556 daAuts
     D:5: 67 daAuts
